 Dungeon Crawl Stone Soup version 0.22-a0-609-gfedc9ff (webtiles) character file.

23059 Gildeon the Grappler (level 12, -11/98 HPs)
             Began as a Troll Monk on July 10, 2018.
             Was the Champion of Makhleb.
             Mangled by Sonja
             ... wielding a +1 dagger of distortion
              (19 damage)
             ... on level 2 of the Lair of Beasts.
             The game lasted 00:55:31 (10534 turns).

Gildeon the Grappler (Troll Monk)                  Turns: 10534, Time: 00:55:32

Health: -11/98     AC: 22    Str: 21 (23) XL:     12   Next: 68%
Magic:  10/10      EV: 11    Int:  7      God:    Makhleb [******]
Gold:   745        SH:  0    Dex: 19      Spells: 1/13 levels left

rFire    + . .     SeeInvis .     - Unarmed
rCold    . . .     Gourm    +   (no shield)
rNeg     . . .     Faith    .   u - +1 storm dragon scales
rPois    +         Spirit   .   (helmet restricted)
rElec    +         Reflect  .   g - +2 cloak
rCorr    .         Harm     .   (gloves unavailable)
MR       .....     Rnd*Rage +   (boots unavailable)
Stlth    ..........             z - amulet of rage
HPRegen  0.66/turn              p - ring of protection from fire
MPRegen  0.12/turn              B - +5 ring of dexterity

@: lethally poisoned (-11 -> -11), slowed, very slow
A: large, unfitting armour, claws 3, thin metallic scales 1, [berserk 1], blink,
[blurry vision 1], [deterioration 2], fast metabolism 3, [frail 2], gourmand,
[low mp 2], poison resistance, regeneration 1, shaggy fur 1, tough skin 2,
[subdued magic 2]
a: Blink, Minor Destruction, Lesser Servant of Makhleb, Major Destruction,
Greater Servant of Makhleb, Renounce Religion, Evoke Berserk Rage


You were on level 2 of the Lair of Beasts.
You worshipped Makhleb.
Makhleb was exalted by your worship.
You were very full.

You visited 3 branches of the dungeon, and saw 13 of its levels.
You visited the Abyss 1 time.

You collected 745 gold pieces.

Inventory:

Armour
 a - a +2 robe
 g - a +2 cloak (worn)
 n - a +2 robe of cold resistance
 s - a +2 robe of magic resistance
 u - +1 storm dragon scales (worn)
Jewellery
 p - a ring of protection from fire (left claw)
 z - an amulet of rage (around neck)
 B - a +5 ring of dexterity (right claw)
Wands
 f - a wand of clouds (3)
 h - a wand of polymorph (4)
 i - a wand of enslavement (10)
 o - a wand of paralysis (17)
Scrolls
 q - 4 scrolls of remove curse
 v - 2 scrolls of teleportation
 x - 2 scrolls of blinking
 y - 2 scrolls of magic mapping
 A - a scroll of amnesia
Potions
 c - 6 potions of curing
 d - a potion of magic
 e - 2 potions of might
 j - 2 potions of lignification
 k - a potion of flight
 l - 4 potions of brilliance
 r - a potion of resistance
 t - a potion of cancellation
 w - a potion of haste
 C - a potion of degeneration {unknown}
 D - a potion of heal wounds
Comestibles
 b - 51 rations


   Skills:
 + Level 9.0 Fighting
 + Level 6.8 Armour
 + Level 8.9 Dodging
 - Level 1.0 Stealth
 + Level 11.9 Unarmed Combat
 - Level 1.0 Spellcasting
 - Level 2.0 Conjurations
 + Level 0.5 Hexes
 + Level 0.8 Ice Magic
 - Level 2.0 Air Magic
 - Level 2.0 Poison Magic
 - Level 3.0 Invocations
 - Level 2.0 Evocations


You had one spell level left.
You knew the following spells:

 Your Spells              Type           Power        Failure   Level  Hunger
a - Poisonous Vapours     Pois/Air       #.....       87%         2    ###....
b - Mephitic Cloud        Conj/Pois/Air  #.......     98%         3    ####...
c - Olgreb's Toxic Radia  Pois           #.......     100%        4    #####..
d - Corona                Hex            #......      92%         1    ##.....
e - Ensorcelled Hibernat  Hex/Ice        #.....       97%         2    ###....

Your spell library contained the following spells:

 Spells                   Type           Power        Failure   Level  Hunger
 Confuse                  Hex            #.......     100%        3    ####...
 Venom Bolt               Conj/Pois      #.........   100%        5    ######.
 Animate Dead             Necr           N/A          100%        4    #####..
 Pain                     Necr           #...         95%         1    ##.....
 Animate Skeleton         Necr           N/A          95%         1    ##.....
 Vampiric Draining        Necr           #.........   100%        3    ####...
 Regeneration             Chrm/Necr      #.........   100%        3    ####...
 Sting                    Conj/Pois      #...         75%         1    ##.....
 Tukima's Dance           Hex            #.......     100%        3    ####...
 Dazzling Spray           Conj/Hex       #.....       99%         3    ####...


Dungeon Overview and Level Annotations

Branches:
Dungeon (10/15)            Temple (1/1) D:4            Lair (2/6) D:10
  Snake (0/4) Lair:2
  Swamp: Lair:2-4    Shoals: Lair:2-4       Orc: D:9-12

Altars:
Ashenzari
Cheibriados
Dithmenos
Elyvilon
Fedhas
Gozag
Hepliaklqana
Kikubaaqudgha
Makhleb
Nemelex Xobeh
Okawaru
Qazlal
Ru
Sif Muna
Trog
Uskayaw
Vehumet
Wu Jian
Xom
Yredelemnul
Zin
The Shining One

Annotations:
D:8 3 runed doors, Supahsalami's ghost, novice DrFE; Torious's ghost, novice DECj
Lair:2 Sonja


Innate Abilities, Weirdness & Mutations

You are too large for most types of armour.
You have claws for hands.
Your metabolism is lightning-fast.
You like to eat raw meat.
Your natural rate of healing is unusually fast.
You are covered in fur. (AC +1)
You have very tough skin. (AC +2)
You are partially covered in thin metallic scales. (AC +2)
You can translocate small distances at will.
Your system is resistant to poisons. (rPois)
[You tend to lose your temper in combat.]
[Scrolls take you a little longer to read.]
[Your body often deteriorates upon taking damage.]
[You are very frail. (-20% HP)]
[Your magical capacity is very low. (-20% MP)]
[Your spells are easier to cast, but less powerful.]


Message History

The wolf misses you. The wolf bites you but does no damage.
You claw the wolf!
The wolf is almost dead.
You feel sick. The wolf bites you.
* * * LOW HITPOINT WARNING * * *
The wolf bites you but does no damage. The wolf barely misses you.
The wolf bites you.
* * * LOW HITPOINT WARNING * * *
Sonja shouts!
You scratch the wolf.
You kill the wolf!
Makhleb accepts your kill.
You feel sick. The wolf bites you but does no damage. The wolf misses you.
You feel sick. The wolf bites you but does no damage.
The wolf closely misses you.
You see here a wolf corpse.
You feel sick. The wolf bites you.
* * * LOW HITPOINT WARNING * * *
Sonja hits you but does no damage. Space warps horribly around you!
You die...

# ### ### # ######
##P####..##.P
#.....
##........<...
#....
#P............
#....
#............
+....
##..††@......#
......
#P...hK......#
##.(..
###......###P#
#.... ###...P#
##..# ##...# #.##
###..# ###...
#.##### #..>P#
###.###.## ##...P
#........####..#.#


You could see Sonja and a wolf.

Vanquished Creatures
  Gastronok (Lair:2)
  A two-headed ogre (D:10)
  3 hell hogs (Abyss:2)
  A tengu warrior (D:10)
  A wretched star (Abyss:2)
  3 large abominations (Abyss:2)
  A wizard (Abyss:2)
  Pikel (D:6)
  A deep elf mage (D:10)
  A smoke demon (Abyss:2)
  4 black mambas (Lair:2)
  Psyche (D:8)
  A dire elephant skeleton (Abyss:2)
  3 komodo dragons
  A demonic crawler (Abyss:2)
  A troll (D:10)
  A queen bee (D:9)
  3 raiju (Abyss:2)
  3 blink frogs (Lair:2)
  2 flying skulls (Abyss:2)
  3 hippogriffs
  A spriggan (D:10)
  Sigmund (D:3)
  A ynoxinul (Abyss:2)
  A human (D:10)
  7 yaks
  A basilisk (Lair:2)
  A chaos spawn (Abyss:2)
  A hungry ghost (D:9)
  Menkaure (D:6)
  9 water moccasins
  An orc warrior (D:9)
  5 porcupines
  A slave (D:6)
  3 ice beasts
  Duvessa (D:6)
  2 sky beasts
  A black bear (D:6)
  2 phantoms
  8 ogres
  2 eyes of draining
  2 necrophages
  7 wolves
  2 crocodiles
  A centaur (D:9)
  2 gnoll sergeants
  4 bullfrogs
  2 small abominations (Abyss:2)
  Dowan (D:6)
  A scorpion (Lair:1)
  27 killer bees (D:9)
  10 wights (D:9)
  5 crimson imps
  5 jellies
  8 hounds
  3 bullfrog skeletons
  A centaur skeleton (D:4)
  4 orc priests
  An iron imp (Abyss:2)
  Jessica (D:3)
  4 iguanas
  8 orc wizards
  7 worker ants
  2 hound zombies (D:10)
  Robin (D:3)
  2 worker ant zombies (D:8)
  16 gnolls
  A howler monkey skeleton (D:4)
  19 adders
  2 shadow imps
  An ufetubus (Abyss:2)
  An adder zombie (D:3)
  3 adder skeletons
  2 worms
  A dart slug (D:5)
  5 leopard geckos
  33 orcs
  6 bats
  10 giant cockroaches
  22 goblins
  10 hobgoblins
  8 jackals
  4 quokkas
  2 ball pythons
  4 frilled lizards
  12 kobolds
  10 rats
  A plant (D:10)
371 creatures vanquished.

Vanquished Creatures (others)
  A porcupine (Lair:1)
  A howler monkey (D:10)
  2 fungi (Lair:2)
  A withered plant (D:8)
5 creatures vanquished.

Grand Total: 376 creatures vanquished

Notes
Turn   | Place    | Note
-------+----------+-------------------------------------------
     0 | D:1      | Gildeon the Troll Monk began the quest for the Orb.
     0 | D:1      | Reached XP level 1. HP: 22/22 MP: 0/0
   258 | D:1      | Reached XP level 2. HP: 27/29 MP: 1/1
   895 | D:1      | Reached XP level 3. HP: 35/36 MP: 2/2
  1168 | D:2      | Found an ornate altar of the Wu Jian Council.
  1279 | D:2      | You fall through a shaft for 2 floors!
  1419 | D:2      | Found a burning altar of Makhleb.
  1424 | D:2      | Reached XP level 4. HP: 43/45 MP: 3/3
  1433 | D:2      | Became a worshipper of Makhleb the Destroyer
  1433 | D:2      | Reached * piety under Makhleb
  1433 | D:2      | Reached ** piety under Makhleb
  1451 | D:2      | Found an iron altar of Okawaru.
  1452 | D:2      | Found a shadowy altar of Dithmenos.
  1589 | D:2      | Found a deep blue altar of Sif Muna.
  1673 | D:2      | Found a basalt altar of Yredelemnul.
  1721 | D:3      | Noticed Sigmund
  1789 | D:3      | Reached skill level 4 in Unarmed Combat
  1820 | D:3      | Reached XP level 5. HP: 53/53 MP: 4/4
  2272 | D:3      | Reached *** piety under Makhleb
  2413 | D:3      | Reached XP level 6. HP: 55/62 MP: 5/5
  2450 | D:3      | Noticed Jessica
  2458 | D:3      | Killed Jessica
  2476 | D:3      | Noticed Robin
  2544 | D:3      | Found a glowing golden altar of the Shining One.
  2769 | D:3      | Killed Sigmund
  2769 | D:3      | Reached skill level 5 in Unarmed Combat
  2902 | D:3      | Killed Robin
  2963 | D:4      | Found a sacrificial altar of Ru.
  3016 | D:4      | Reached XP level 7. HP: 70/70 MP: 6/6
  3076 | D:4      | Found a staircase to the Ecumenical Temple.
  3096 | Temple   | Entered the Ecumenical Temple
  3867 | D:5      | Entered Level 5 of the Dungeon
  4050 | D:5      | Reached skill level 1 in Invocations
  4054 | D:5      | Reached skill level 1 in Armour
  4160 | D:5      | Reached **** piety under Makhleb
  4160 | D:5      | Reached XP level 8. HP: 73/79 MP: 8/8
  4449 | D:5      | Found an ancient bone altar of Kikubaaqudgha.
  4686 | D:6      | Noticed Dowan
  4689 | D:6      | Noticed Duvessa
  4704 | D:6      | Killed Duvessa
  4704 | D:6      | Reached skill level 5 in Fighting
  4708 | D:6      | Reached skill level 5 in Dodging
  4708 | D:6      | Reached skill level 6 in Unarmed Combat
  4712 | D:6      | Reached skill level 1 in Spellcasting
  4716 | D:6      | Killed Dowan
  4789 | D:6      | Noticed Menkaure
  4901 | D:6      | Learned a level 2 spell: Poisonous Vapours
  4905 | D:6      | Learned a level 3 spell: Mephitic Cloud
  4910 | D:6      | Learned a level 4 spell: Olgreb's Toxic Radiance
  4929 | D:6      | Killed Menkaure
  4972 | D:6      | Reached skill level 1 in Conjurations
  4977 | D:6      | Noticed Pikel
  4993 | D:6      | Reached skill level 1 in Poison Magic
  5011 | D:6      | Reached skill level 7 in Unarmed Combat
  5011 | D:6      | Reached skill level 1 in Air Magic
  5369 | D:6      | Killed Pikel
  5369 | D:6      | Reached skill level 1 in Evocations
  5369 | D:6      | Reached XP level 9. HP: 53/88 MP: 8/10
  5663 | D:7      | Found a hazy altar of Hepliaklqana.
  6246 | D:8      | Reached skill level 8 in Unarmed Combat
  6273 | D:8      | Found an ancient bone altar of Kikubaaqudgha.
  6278 | D:8      | You fall through a shaft for 2 floors!
  6278 | D:10     | Entered Level 10 of the Dungeon
  6502 | D:9      | Reached ***** piety under Makhleb
  6534 | D:9      | Reached XP level 10. HP: 28/98 MP: 11/11
  6862 | D:8      | Gained mutation: Your system is resistant to poisons. (rPois) [potion of mutation]
  6862 | D:8      | Gained mutation: You are partially covered in thin metallic scales. (AC +2) [potion of mutation]
  6862 | D:8      | Gained mutation: You can translocate small distances at will. [potion of mutation]
  6984 | D:8      | Noticed Psyche
  6994 | D:8      | Killed Psyche
  6994 | D:8      | Reached skill level 9 in Unarmed Combat
  7161 | D:8      | Found a blossoming altar of Fedhas.
  7580 | D:8      | Found a runed gate.
  7581 | D:8      | Found a runed gate.
  7582 | D:8      | Found a runed gate.
  7583 | D:8      | Noticed Torious's ghost (novice DECj)
  7583 | D:8      | Noticed Supahsalami's ghost (novice DrFE)
  7811 | D:9      | Found an opulent altar of Gozag.
  8368 | D:10     | Reached skill level 10 in Unarmed Combat
  8379 | D:10     | Noticed a tengu warrior
  8387 | D:10     | Noticed a deep elf mage
  8401 | D:10     | Killed a tengu warrior
  8405 | D:10     | Killed a deep elf mage
  8405 | D:10     | Reached XP level 11. HP: 109/109 MP: 12/12
  8461 | D:10     | Found a staircase to the Lair.
  8787 | D:10     | Noticed a two-headed ogre
  8795 | D:10     | Killed a two-headed ogre
  8868 | Lair:1   | Entered Level 1 of the Lair of Beasts
  9066 | Lair:1   | Reached ****** piety under Makhleb
  9228 | Lair:1   | You fall through a shaft!
  9230 | Lair:2   | Noticed Gastronok
  9244 | Lair:2   | Killed Gastronok
  9244 | Lair:2   | Reached skill level 5 in Armour
  9352 | Lair:2   | Reached skill level 11 in Unarmed Combat
  9896 | Lair:2   | Reached XP level 12. HP: 120/120 MP: 13/13
  9926 | Lair:2   | Found a staircase to the Snake Pit.
 10104 | Lair:2   | Noticed Sonja
 10111 | Lair:2   | Cast into level 2 of the Abyss (Sonja)
 10112 | Abyss:2  | Found a corrupted altar of Lugonu.
 10291 | Abyss:2  | Noticed a hell hog
 10297 | Abyss:2  | Noticed a hell hog
 10298 | Abyss:2  | Noticed a hell hog
 10307 | Abyss:2  | Killed a hell hog
 10312 | Abyss:2  | Killed a hell hog
 10316 | Abyss:2  | Killed a hell hog
 10342 | Abyss:2  | Noticed a tentacled monstrosity
 10342 | Abyss:2  | Noticed a rakshasa
 10357 | Abyss:2  | Noticed a red very ugly thing
 10427 | Abyss:2  | Learned a level 1 spell: Corona
 10430 | Abyss:2  | Learned a level 2 spell: Ensorcelled Hibernation
 10515 | Lair:2   | Escaped the Abyss
 10534 | Lair:2   | Mangled by Sonja

Vault maps used:
D:1:      minmay_arrival_stone_box, st_stairs_7, skrybe_limestone_x,
          roderic_serpentine_path, minmay_pentomino_z2
D:2:      makhleb_heckhound_becter, lemuel_blue_sif_altar, old_standard_altar,
          marbit_many_paths, gammafunk_temple_overflow_statue
D:3:      tso_altar, uniq_jessica, uniq_sigmund, uniq_robin
D:4:      lemuel_round_altar, minmay_temple_entry_large_hall, first_ration
D:5:      overflow_temple_1_default
D:6:      uniq_menkaure, uniq_pikel, uniq_duvessa
D:7:      kennysheep_little_box
D:8:      hangedman_cross_stitches, kennysheep_mini_moat,
          gammafunk_ghost_cemetery, basic_altar, uniq_psyche
D:9:      lemuel_doored_altar, special_room
D:10:     dpeg_oklobed_lair, hangedman_stone_soup
Temple:   cyrus_temple_forest
Lair:1:   lemuel_fruit_tree
Lair:2:   minmay_snake_entry_six_corridors, serial_bayou_shore_b,
          uniq_gastronok, uniq_sonja

Skill      XL: |  1  2  3  4  5  6  7  8  9 10 11 12 |
---------------+-------------------------------------+-----
Fighting       | 3 4 5 6 7 8 9 |  9.0
Dodging        | 3 4 5 6 8 |  8.9
Unarmed Combat | 4 5 7 8 10 11 | 11.9
Invocations    | 1 2 3 |  3.0
Armour         | 1 2 4 5 6 |  6.8
Spellcasting   | 1 |  1.0
Conjurations   | 1 2 |  2.0
Poison Magic   | 1 2 |  2.0
Air Magic      | 1 2 |  2.0
Evocations     | 1 2 |  2.0
Stealth        | |  1.0
Hexes          | |  0.5
Ice Magic      | |  0.8

Action                   |  1- 3 |  4- 6 |  7- 9 | 10-12 || total
-------------------------+-------+-------+-------+-------++-------
Melee: Unarmed           |   136 |   132 |   383 |   691 ||  1342
       Punch             |       |     3 |    12 |    46 ||    61
 Abil: Blink             |       |       |       |     1 ||     1
Evoke: Wand              |       |       |     3 |    12 ||    15
  Use: Scroll            |     6 |     4 |    10 |     9 ||    29
       Potion            |       |     1 |     3 |     2 ||     6
 Stab: Sleeping          |     4 |     5 |     8 |     1 ||    18
       Invisible         |       |       |     1 |       ||     1
       Paralysed         |       |       |     4 |       ||     4
  Eat: Chunk             |    19 |    14 |    32 |    40 ||   105
Armor: Robe              |    42 |    39 |   108 |    14 ||   203
       Storm dragon scal |       |       |       |   451 ||   451
Dodge: Dodged            |    54 |    80 |   196 |   323 ||   653

Table legend:
 A = Spawn XP
 B = Non-spawn XP
 C = Spawn XP percentage of total XP
 D = Spawn monster count
 E = Non-spawn monster count
 F = Spawn count percentage of total count
 G = Total turns spent on level
                    A         B        C        D         E        F      G
               +---------+---------+-------+---------+---------+-------+---------
         Total |    6062 |   26880 |  18.4 |      15 |     354 |   4.1 | 10534
               +---------+---------+-------+---------+---------+-------+---------
           D:1 |       0 |      44 |   0.0 |       0 |      29 |   0.0 |  1131
           D:2 |       0 |      77 |   0.0 |       0 |      23 |   0.0 |   503
           D:3 |       0 |     567 |   0.0 |       0 |      42 |   0.0 |  1301
           D:4 |       0 |     407 |   0.0 |       0 |      23 |   0.0 |   844
           D:5 |       0 |     450 |   0.0 |       0 |      24 |   0.0 |   791
           D:6 |       0 |    1704 |   0.0 |       0 |      29 |   0.0 |   730
           D:7 |       0 |     813 |   0.0 |       0 |      16 |   0.0 |   848
           D:8 |       0 |    1447 |   0.0 |       0 |      23 |   0.0 |   964
           D:9 |       0 |    4279 |   0.0 |       0 |      67 |   0.0 |  1101
          D:10 |       0 |    3989 |   0.0 |       0 |      22 |   0.0 |   567
        Lair:1 |       0 |    2699 |   0.0 |       0 |      16 |   0.0 |   659
        Lair:2 |       0 |    7886 |   0.0 |       0 |      32 |   0.0 |   603
       Abyss:2 |    6062 |    2518 |  70.7 |      15 |       8 |  65.2 |   404
               +---------+---------+-------+---------+---------+-------+---------
